AoeStats
← 凉拌皮蛋

Team Islands

503142448Analyzed
4v4 RM · 1mo ago on Aug 30, 2026· 49m 24s· 8 players
Game mode
Random Map
Map size
242×242
Population
200
Speed
Normal
Resources
Standard
Victory
Conquest
Starting age
Dark Age
Ending age
Imperial Age
RankedLock teamsTeams togetherTeam positionsShared explorationLock speedFull tech treeHidden civsTurbo modeCheats
Victory
Defeat
🇪🇸 Byzantines · Spain
1558
+12
🇹🇼 Italians · Taiwan
1535
+13
🇨🇳 Japanese · China
1517
+14
🇨🇳 Vikings · China
1484
+16
🇸🇰 Koreans · Slovakia
1590
-19
🇹🇷 Spanish · Türkiye
1447
-13
🇭🇰 Lithuanians · Hong Kong SAR China
1437
-12
🇭🇰 Dravidians · Hong Kong SAR China
1433
-12
G.E.M
10:24 Feudal Age
15:19 Castle Age
13:56 Double-Bit Axe
14:36 Loom
17:44 Fletching
18:18 Bow Saw
20:10 Wheelbarrow
19:57 Town Watch
22:24 Ballistics
22:13 Guard Tower
26:04 Bodkin Arrow
28:15 Yasama
30:57 Pikeman
34:11 Padded Archer Armor
35:52 Hand Cart
36:04 Medium Warships
36:27 Horse Collar
36:34 Fishing Lines
41:01 Imperial Age
38:45 Gillnets
40:26 Heavy Plow
41:46 Bracer
42:25 Keep
42:52 Chemistry
43:34 Conscription
43:05 Halberdier
46:35 Heavy Warships
46:40 Forging
46:42 Arrowslits
47:23 Shipwright
49:37 Clinker Construction
49:38 Careening
Josu Stark
8:01 Loom
10:03 Feudal Age
10:40 Double-Bit Axe
18:43 Castle Age
18:02 Fletching
19:38 Wheelbarrow
19:38 Medium Warships
19:09 Fishing Lines
19:27 Bodkin Arrow
20:03 Bow Saw
20:50 Forging
22:25 Horse Collar
24:37 Careening
24:39 Clinker Construction
24:59 Ballistics
25:09 Gold Mining
25:42 Heavy Plow
26:26 Stone Mining
28:35 Hand Cart
29:30 Treadmill Crane
31:30 Stone Shaft Mining
31:31 Gold Shaft Mining
31:03 Gillnets
35:31 Imperial Age
33:30 Scale Barding Armor
33:32 Husbandry
34:37 Iron Casting
34:37 Chain Barding Armor
34:58 Greek Fire
35:34 Elite Cataphract
36:36 Conscription
36:57 Plate Barding Armor
36:56 Crop Rotation
37:42 Chemistry
38:12 Two-Man Saw
37:57 Hoardings
37:50 Murder Holes
38:45 Bracer
40:23 Logistica
48:51 Shipwright
48:51 Carvel Hull
48:52 Dry Dock
49:53 Heavy Warships
kk900826
8:48 Loom
12:25 Feudal Age
13:04 Double-Bit Axe
13:12 Fishing Lines
16:06 Castle Age
14:07 Gold Mining
17:23 Medium Warships
20:22 Imperial Age
17:57 Gillnets
18:43 Careening
18:44 Clinker Construction
18:47 Bow Saw
22:21 Heavy Warships
25:36 Siphons
27:25 Shipwright
28:58 Fletching
30:31 Chemistry
29:35 Horse Collar
30:39 Scale Mail Armor
30:35 Bodkin Arrow
32:05 Bracer
32:21 Chain Mail Armor
32:10 Stone Mining
32:07 Elite Cannon Galleon
33:52 Stone Shaft Mining
32:45 Pikeman
34:31 Plate Mail Armor
34:12 Forging
34:03 Padded Archer Armor
37:04 Ballistics
36:55 Masonry
37:08 Carvel Hull
38:38 Iron Casting
41:42 Architecture
41:34 Dry Dock
42:18 Leather Archer Armor
43:04 Blast Furnace
42:10 Squires
凉拌皮蛋
8:14 Loom
11:05 Feudal Age
15:01 Castle Age
14:15 Double-Bit Axe
14:22 Gold Mining
14:23 Fletching
16:07 Bow Saw
15:40 Fishing Lines
18:45 Town Watch
19:18 Bodkin Arrow
21:39 Gillnets
24:48 Clinker Construction
24:49 Careening
24:36 Horse Collar
26:36 Heavy Plow
27:02 Stone Mining
27:48 Gold Shaft Mining
28:20 Ballistics
30:26 Padded Archer Armor
33:48 Imperial Age
32:32 Leather Archer Armor
31:54 Crossbowman
33:41 Town Patrol
34:37 Murder Holes
34:23 Treadmill Crane
34:35 Arbalester
35:16 Bracer
36:21 Chemistry
35:34 Scale Mail Armor
36:16 Bogsveigar
38:58 Ring Archer Armor
38:34 Siege Engineers
38:47 Chain Mail Armor
38:43 Forging
42:57 Hoardings
42:34 Masonry
44:24 Two-Man Saw
43:55 Crop Rotation
43:32 Elite Cannon Galleon
45:29 Architecture
45:24 Carvel Hull
45:25 Dry Dock
44:41 Elite Longship
46:16 Medium Warships
46:42 Guard Tower
46:43 Arrowslits
46:51 Heated Shot
47:54 Heavy Warships
48:52 Caravan
S.H.E
8:09 Loom
10:29 Feudal Age
11:09 Double-Bit Axe
13:08 Fletching
14:18 Horse Collar
20:32 Castle Age
21:33 Medium Warships
21:23 Bodkin Arrow
21:47 Gold Mining
26:00 Wheelbarrow
29:49 Stone Mining
33:47 Imperial Age
31:22 Padded Archer Armor
33:30 Leather Archer Armor
34:04 Masonry
34:54 Conscription
34:04 Pikeman
35:09 Bracer
35:39 Ring Archer Armor
35:04 Stone Mining
36:52 Thumb Ring
36:23 Elite Elephant Archer
37:07 Elite Skirmisher
39:30 Ballistics
40:10 Chemistry
47:49 Elite Cannon Galleon
ReigNessaince
10:53 Feudal Age
9:15 Loom
14:28 Castle Age
12:24 Double-Bit Axe
16:23 Bow Saw
18:10 Clinker Construction
24:57 Fletching
25:24 Horse Collar
28:50 Bodkin Arrow
29:01 Town Watch
29:50 Heavy Plow
32:43 Ballistics
33:21 Eupseong
34:22 Heated Shot
36:06 Treadmill Crane
36:37 Masonry
37:04 Wheelbarrow
41:11 Imperial Age
40:11 Murder Holes
41:12 Elite Turtle Ship
42:01 Bracer
42:20 Fortified Wall
42:01 Arrowslits
43:37 Chemistry
44:51 Carvel Hull
45:33 Chemistry
46:15 Architecture
46:59 Conscription
Rudolf
11:36 Feudal Age
13:10 Loom
15:58 Castle Age
13:55 Double-Bit Axe
14:02 Horse Collar
16:52 Bow Saw
22:12 Wheelbarrow
21:52 Town Watch
22:54 Gold Mining
23:48 Scale Barding Armor
26:17 Imperial Age
23:58 Heavy Plow
24:10 Forging
24:58 Chain Barding Armor
25:58 Hand Cart
26:41 Cavalier
28:54 Plate Barding Armor
29:20 Bloodlines
31:40 Crop Rotation
32:05 Husbandry
36:46 Two-Man Saw
37:57 Iron Casting
37:22 Paladin
38:38 Light Cavalry
40:06 Hoardings
39:26 Fletching
44:16 Bodkin Arrow
45:10 Padded Archer Armor
45:10 Bracer
47:03 Conscription
48:47 Capped Ram
Anatoly
11:13 Feudal Age
11:50 Double-Bit Axe
16:47 Castle Age
15:14 Fletching
17:54 Medium Warships
17:51 Bodkin Arrow
20:16 Demolition Ship
26:45 Wheelbarrow
25:56 Loom
29:33 Horse Collar
33:25 Gold Mining
34:40 Hand Cart
37:58 Imperial Age
36:05 Hand Cart
37:46 Hand Cart
37:40 Heavy Plow
39:13 Conscription
40:02 Chemistry
39:23 Ballistics
39:22 Pikeman
40:03 Squires
42:15 Scale Mail Armor
41:47 Halberdier
Connection lost

Rejoining the realm…

Still unreachable

The connection could not be restored.

Session expired

The server has moved on; the page needs a fresh start.